 Dungeon Crawl Stone Soup version 0.30-a0-576-g89cddaab80 (webtiles) character file.

Game seed: 5019304420158772275

1174 drugrobin the Spear-Bearer (level 7, -2/51 (57) HPs)
             Began as a Demigod Delver on Dec 31, 2022.
             Slain by a wight
             ... wielding a +0 flail
              (5 damage)
             ... on level 6 of the Dungeon.
             The game lasted 00:14:20 (4245 turns).

drugrobin the Spear-Bearer (Demigod Delver)         Turns: 4245, Time: 00:14:20

HP:   -2/51 (57)    AC:  9    Str: 21    XL:     7   Next: 97%
MP:   9/9           EV: 10    Int: 18    God:
Gold: 317           SH:  0    Dex: 15    Spells: 5/6 levels left

rFire   . . .      SeeInvis .    a - +0 trident
rCold   . . .      Faith    .    (no shield)
rNeg    . . .      Spirit   .    y - +0 scale mail
rPois   +          Reflect  .    (no helmet)
rElec   .          Harm     .    J - +1 cloak {Stlth+}
rCorr   .          Rampage  .    s - +0 pair of gloves
Will    .....                    (no boots)
Stlth   ++                       (no amulet)
HPRegen 0.28/turn                K - +6 ring of intelligence
MPRegen 0.11/turn                j - ring of poison resistance

@: heavily drained
A: high MP 1, forlorn, divine attributes
a: no special abilities


You were on level 6 of the Dungeon.
You visited 1 branch of the dungeon, and saw 6 of its levels.

You collected 317 gold pieces.

Inventory:

Hand Weapons
 a - a +0 trident (weapon)
 b - a +2 spear of venom
 c - a +4 quarterstaff of chaos
Missiles
 v - 11 poisoned darts
 H - 3 boomerangs (quivered)
 L - 3 curare-tipped darts
Armour
 l - a +0 leather armour
 s - a +0 pair of gloves (worn)
 y - a +0 scale mail (worn)
 J - a +1 cloak of stealth (worn)
Jewellery
 j - a ring of poison resistance (right hand)
 K - a +6 ring of intelligence (left hand)
 N - a ring of fire
Wands
 g - a wand of digging (3)
 F - a wand of light (3)
Scrolls
 d - 2 scrolls of magic mapping
 e - 2 scrolls of fear
 m - a scroll of butterflies {unknown}
 n - 2 scrolls of teleportation {unknown}
 q - 3 scrolls of identify {unknown}
 t - a scroll of noise {unknown}
 u - a scroll of torment {unknown}
 w - a scroll of amnesia {unknown}
 z - 2 scrolls of enchant armour {unknown}
 B - a scroll of immolation {unknown}
 E - 3 scrolls of poison {unknown}
 M - 2 scrolls of fog
Potions
 f - 2 potions of haste
 h - 3 potions of curing {unknown}
 i - 2 potions of lignification {unknown}
 k - a potion of mutation {unknown}
 o - 2 potions of heal wounds {unknown}
 p - a potion of ambrosia {unknown}
 r - 3 potions of flight {unknown}
 A - a potion of brilliance {unknown}
 C - 2 potions of invisibility {unknown}
 D - a potion of magic {unknown}
 G - a potion of berserk rage {unknown}


   Skills:
 + Level 3.1 Fighting
 * Level 9.0 Polearms
 - Level 1.7 Dodging
 - Level 4.5 Stealth


You had 5 spell levels left.
You knew the following spells:

 Your Spells              Type           Power      Damage    Failure   Level
a - Magic Dart            Conj           0%         1d3       54%         1

Your spell library contained the following spells:

 Spells                   Type           Power      Damage    Failure   Level
 Searing Ray              Conj           0%         2d4       67%         2
 Gell's Gravitas          Tloc           0%         N/A       88%         3
 Inner Flame              Hex/Fire       0%         N/A       88%         3
 Lesser Beckoning         Tloc           0%         N/A       88%         3
 Teleport Other           Tloc           0%         N/A       88%         3
 Animate Dead             Necr           0%         N/A       99%         4
 Cause Fear               Hex            0%         N/A       99%         4
 Fulminant Prism          Conj/Hex       0%         3d5       99%         4
 Borgnjor's Vile Clutch   Necr/Erth      0%         N/A       100%        5
 Death Channel            Necr           0%         N/A       100%        6
 Discord                  Hex            0%         N/A       100%        8


Dungeon Overview and Level Annotations

Branches:
Dungeon (6/15)             Temple (0/1) D:4

Annotations:
D:3 2 transporters, porpoise's ghost, amateur HuHu


Innate Abilities, Weirdness & Mutations

You have an increased reservoir of magic. (+10% MP)
You shall have no god before yourself.
Your divine heritage dramatically boosts your attributes as you level up.


Message History

Unknown command.
You barely miss the wight. The wight hits you with a +0 flail!
You feel drained.
The wight hits you from afar with a +4 trident of freezing.
You feel drained. The wight freezes you.
Unknown command.
Unknown command.
Unknown command.
Unknown command.
Press: ? - help, v - describe, . - travel
Here: a wight, wielding a +4 trident of freezing and wearing a +0 robe The floor.
Aiming: Bolt of Light
Press: ? - help, Shift-Dir - straight line, f - wight, p - wight
Aim: a wight, wielding a +4 trident of freezing and wearing a +0 robe (71% to hit)
The bolt of light hits the wight!
The wight is heavily damaged.
The wight is blinded.
The bolt of light hits the wight!
The wight is severely damaged.
The wight is blinded.
The wight hits you with a +0 flail!
The wight hits you from afar with a +4 trident of freezing!
* * * LOW HITPOINT WARNING * * *
You feel drained.
* * * LOW HITPOINT WARNING * * *
The wight freezes you.
* * * LOW HITPOINT WARNING * * *
Unknown command.
Unknown command.
Unknown command.
Unknown command.
Unknown command.
Aiming: Bolt of Light
Press: ? - help, Shift-Dir - straight line, f/p - wight
Aim: a wight, wielding a +4 trident of freezing and wearing a +0 robe (severely damaged, blind, 71% to hit)
The bolt of light hits the wight.
The wight is severely damaged.
The bolt of light hits the wight!
You destroy the wight!
The wight hits you with a +0 flail.
You die...

# #.#............#
#.########.#............#
.......>.#.#.##.#.#######
#.....#.#.##.#.#
#..!.z#.#.##.#.#
#............#.#
#.......#)####.#
#.......#z####.#######
#.......#.@.<.........
#.......###...........
#.......# #...........
#.......# #..)........
#.......# #...........
#........... #...........
#........... #..........


You could see a wight (blind).

Vanquished Creatures
  A water moccasin (D:5)
  An ogre (D:5)
  A centaur (D:6)
  A kobold brigand (D:5)
  A necrophage (D:4)
  Blork the orc (D:5)
  A scorpion (D:4)
  A wight (D:6)
  A howler monkey (D:5)
  2 hounds
  2 jellies (D:5)
  An orc priest (D:2)
  Crazy Yiuf (D:3)
  Jessica (D:2)
  Terence (D:3)
  2 iguanas
  2 orc wizards
  10 gnolls (D:5)
  7 adders
  A shadow imp (D:5)
  A worm (D:2)
  5 dart slugs
  11 orcs
  6 bats
  A bat zombie (D:5)
  4 endoplasms
  4 giant cockroaches
  9 goblins
  10 hobgoblins
  5 jackals
  2 quokkas
  5 ball pythons
  2 frilled lizards
  10 kobolds
  5 rats
  2 rat zombies (D:5)
121 creatures vanquished.

Vanquished Creatures (others)
  2 fungi (D:3)
  9 toadstools (D:5)
11 creatures vanquished.

Grand Total: 132 creatures vanquished

Notes
Turn   | Place    | Note
-------+----------+-------------------------------------------
     0 | D:5      | drugrobin the Demigod Delver began the quest for the Orb.
     0 | D:5      | Reached XP level 1. HP: 18/18 MP: 3/3
    59 | D:5      | Noticed an ogre
    59 | D:5      | Noticed a howler monkey
    61 | D:5      | Noticed a water moccasin
    66 | D:4      | Noticed an iguana
    85 | D:4      | Found a staircase to the Ecumenical Temple.
   115 | D:4      | Reached skill level 2 in Polearms
   115 | D:4      | Reached XP level 2. HP: 17/25 MP: 4/4
   292 | D:2      | Noticed Jessica
   338 | D:2      | Reached skill level 3 in Polearms
   342 | D:2      | Killed Jessica
   343 | D:2      | Reached XP level 3. HP: 28/30 MP: 5/5
   517 | D:1      | Reached skill level 4 in Polearms
   860 | D:1      | Reached XP level 4. HP: 36/37 MP: 6/6
  1183 | D:3      | Found a transporter.
  1186 | D:3      | Noticed porpoise's ghost (amateur HuHu)
  1198 | D:3      | Found a transporter.
  1286 | D:3      | Noticed Terence
  1296 | D:3      | Killed Terence
  1687 | D:2      | Reached skill level 5 in Polearms
  1687 | D:2      | Reached XP level 5. HP: 40/42 MP: 7/7
  2133 | D:3      | Found a runed translucent door.
  2134 | D:3      | Noticed Crazy Yiuf
  2223 | D:3      | Killed Crazy Yiuf
  2496 | D:4      | Reached skill level 6 in Polearms
  2496 | D:4      | Reached XP level 6. HP: 45/50 MP: 8/8
  2947 | D:5      | Learned a level 1 spell: Magic Dart
  2966 | D:5      | Noticed Blork the orc
  2983 | D:5      | Killed Blork the orc
  2984 | D:5      | Reached skill level 7 in Polearms
  3134 | D:5      | Reached XP level 7. HP: 48/56 MP: 9/9
  3460 | D:5      | Reached skill level 8 in Polearms
  4130 | D:5      | Noticed a slime creature
  4175 | D:6      | Reached skill level 9 in Polearms
  4245 | D:6      | Slain by a wight

Illustrated notes

Levels and vault maps discovered:
D:1:      grunt_arrival_lava_bath, layout_basic
D:2:      layout_rooms, kennysheep_donut, minmay_circle_x, uniq_jessica
D:3:      layout_rooms, gammafunk_ghost_mausoleum, uniq_crazy_yiuf_cottage,
          uniq_terence
D:4:      layout_rooms, minmay_temple_entry_glassed_door, st_stairs_7,
          dk_noncrumbling_2
D:5:      cheibrodos_fertilizer, layout_gridville,
          lemuel_zombie_altar_kikubaaqudgha, uniq_blork_the_orc
D:6:      layout_basic, minitemple, hellmonk_ghost_happy_afterlife,
          hangedman_feature_mirror

Skill      XL: |  1  2  3  4  5  6  7 |
---------------+----------------------+-----
Polearms       | 2 3 4 5 6 7 9 |  9.0
Fighting       | 3 |  3.1
Dodging        | |  1.7
Stealth        | |  4.5

Action                   |  1- 3 |  4- 6 |  7- 9 || total
-------------------------+-------+-------+-------++-------
Melee: Spear             |    29 |       |    29 ||    58
       Dagger            |    82 |    13 |       ||    95
       Trident           |       |   170 |    70 ||   240
       Quarterstaff      |       |    16 |     2 ||    18
       Punch             |       |     5 |     1 ||     6
Throw: Dart              |       |     4 |     8 ||    12
       Boomerang         |       |       |     7 ||     7
Evoke: Wand              |       |     2 |     2 ||     4
 Stab: Sleeping          |     1 |     1 |     1 ||     3
       Petrified         |       |     4 |       ||     4
       Petrifying        |       |     2 |       ||     2
Armor: Leather armour    |    21 |       |       ||    21
       Chain mail        |    15 |    16 |       ||    31
       Scale mail        |       |    61 |    23 ||    84
Dodge: Dodged            |    63 |   116 |    30 ||   209

Table legend: (Time is in decaauts)
 A = Elapsed time spent in this place.
 B = Non-inter-level travel time spent in this place.
 C = Inter-level travel time spent in this place.
 D = Time resting spent in this place.
 E = Time spent auto-exploring this place.
 F = Levels seen in this place.
 G = Mean time per level.
                   A        B        C        D        E       F      G
               +--------+--------+--------+--------+--------+-----+--------+
         Total |   4227 |   3938 |    289 |    178 |   2371 |   6 |  704.5 |
       Dungeon |   4227 |   3938 |    289 |    178 |   2371 |   6 |  704.5 |
               +--------+--------+--------+--------+--------+-----+--------+

Top non-repeatable levels by time:
     D:5: 1271 daAuts
     D:3: 865 daAuts
     D:1: 789 daAuts
     D:4: 654 daAuts
     D:2: 568 daAuts
     D:6: 78 daAuts
